 Dungeon Crawl Stone Soup version 0.30.1-11-g7821555f0a (webtiles) character file.

Game seed: 7696797172478367987

13679 jagang the Carver (level 12, -2/95 HPs)
             Began as a Human Monk on Jan 12, 2024.
             Was the Champion of Makhleb.
             Shot with an arrow by a deep elf archer (25 damage)
             ... on level 1 of the Orcish Mines.
             The game lasted 00:27:46 (10242 turns).

jagang the Carver (Human Monk)                     Turns: 10242, Time: 00:27:46

Health: -2/95      AC: 17    Str: 12    XL:     12   Next: 35%
Magic:  18/18      EV: 11    Int: 11    God:    Makhleb [******]
Gold:   842        SH:  7    Dex: 20    Spells: 11/11 levels left

rFire   . . .        F - +1 double sword of the Smoking Coward {venom, +Blink}
rCold   + . .        U - +2 buckler
rNeg    . . .        C - +4 ring mail
rPois   .            P - +1 hat
rElec   .            f - +1 cloak
rCorr   .            w - +0 pair of gloves
SInv    .            l - +0 pair of boots
Will    .....        Q - amulet of regeneration
Stlth   +            h - ring of protection from cold
HPRegen 1.15/turn    (no ring)
MPRegen 0.16/turn

%: no passive effects
@: no status effects
A: no striking features
a: Renounce Religion, Evoke Blink, Minor Destruction, Lesser Servant of Makhleb,
Major Destruction, Greater Servant of Makhleb


You were on level 1 of the Orcish Mines.
You worshipped Makhleb.
Makhleb was exalted by your worship.
You visited 3 branches of the dungeon, and saw 12 of its levels.

You collected 842 gold pieces.

Inventory:

Hand Weapons
 F - the +1 double sword of the Smoking Coward (weapon) {venom, +Blink}
   (You acquired it on level 10 of the Dungeon)

   +Blink:    It lets you blink.
Missiles
 t - 6 curare-tipped darts (quivered)
 v - 4 throwing nets
 y - 57 poisoned darts
 H - 3 datura-tipped darts
 I - 6 boomerangs
Armour
 d - an orb of light
 f - a +1 cloak (worn)
 l - a +0 pair of boots (worn)
 w - a +0 pair of gloves (worn)
 C - a +4 ring mail (worn)
 P - a +1 hat (worn)
 U - a +2 buckler (worn)
Jewellery
 h - a ring of protection from cold (left hand)
 Q - an amulet of regeneration (around neck)
 R - a ring of fire
Wands
 p - a wand of paralysis (5)
 x - a wand of mindburst (10)
 A - a wand of light (8)
 M - a wand of roots (16)
 W - a wand of polymorph (6)
Scrolls
 e - 7 scrolls of blinking
 j - 6 scrolls of fear
 n - 2 scrolls of enchant weapon
 r - 2 scrolls of enchant armour
 z - 4 scrolls of poison
 K - 4 scrolls of teleportation
 O - 4 scrolls of magic mapping
 X - a scroll of silence {unknown}
Potions
 b - a potion of cancellation {unknown}
 c - 2 potions of ambrosia
 g - 2 potions of haste {unknown}
 k - 4 potions of brilliance
 m - 4 potions of might {unknown}
 o - 2 potions of invisibility {unknown}
 q - 2 potions of curing
 s - 4 potions of attraction {unknown}
 u - 2 potions of heal wounds {unknown}
 B - 3 potions of mutation {unknown}
 D - 2 potions of berserk rage {unknown}
 J - a potion of degeneration {unknown}
 N - a potion of magic {unknown}
Miscellaneous
 V - a condenser vane


   Skills:
 + Level 9.2 Fighting
 * Level 11.7 Long Blades
 - Level 4.2 Throwing
 + Level 8.6 Armour
 - Level 3.0 Dodging
 - Level 3.0 Shields
 + Level 8.7 Invocations


You had 11 spell levels left.
You didn't know any spells.
Your spell library contained the following spells:

 Spells                   Type           Power      Damage    Failure   Level
 Foxfire                  Conj/Fire      0%         2x1d4     67%         1
 Freeze                   Ice            0%         1d3       67%         1
 Magic Dart               Conj           0%         1d3       67%         1
 Poisonous Vapours        Pois/Air       0%         N/A       82%         2
 Searing Ray              Conj           0%         2d4       82%         2
 Frozen Ramparts          Ice            0%         1d1       96%         3
 Hailstorm                Conj/Ice       0%         3d3       96%         3
 Mephitic Cloud           Conj/Pois/Air  0%         N/A       96%         3
 Tukima's Dance           Hex            0%         N/A       96%         3
 Fulminant Prism          Conj/Hex       0%         3d5       100%        4
 Passage of Golubria      Tloc           0%         N/A       100%        4
 Fireball                 Conj/Fire      0%         3d3       100%        5
 Freezing Cloud           Conj/Ice/Air   0%         6-21      100%        5
 Yara's Violent Unravell  Hex/Tmut       0%         3d3       100%        5
 Plasma Beam              Fire/Air       0%         2x1d11    100%        6
 Starburst                Conj/Fire      0%         6d3       100%        6
 Chain Lightning          Conj/Air       0%         N/A       100%        9
 Fire Storm               Conj/Fire      0%         5d1       100%        9
 Shatter                  Erth           0%         3d5*      100%        9


Dungeon Overview and Level Annotations

Branches:
Dungeon (10/15)            Temple (0/1) D:4            Lair (1/5) D:8
    Orc (1/2) D:10

Altars:
Fedhas
Hepliaklqana
Makhleb
Trog
Vehumet
Jiyva

Shops:
D:3 (

Annotations:
D:6 3 runed translucent doors, occam's ghost, novice MiFi


Message History

The deep elf zephyrmancer hits you but does no damage.
The deep elf archer shoots an arrow.
The arrow barely misses you.
The deep elf pyromancer gestures wildly while chanting.
The deep elf zephyrmancer gestures at you while chanting.
The bolt of lightning hits you!
The bolt of lightning misses the deep elf archer.
The deep elf archer points at you and mumbles some strange words.
You are confused.
You hear a shout! x10
You bump into the rock wall.
The deep elf zephyrmancer hits you but does no damage.
Unknown command.
You barely miss the deep elf archer. Makhleb accepts your kill.
The fire elemental disappears in a puff of smoke!
You feel a bit more experienced.
The deep elf zephyrmancer hits you but does no damage.
The deep elf archer unwields a +0 shortbow.
The deep elf archer wields a +0 short sword.
The deep elf archer misses you.
You feel better.
You block the deep elf zephyrmancer's attack.
The deep elf archer gestures wildly while chanting.
The deep elf archer blinks!
You hit the deep elf zephyrmancer but do no damage.
The deep elf zephyrmancer looks as sick as possible!
The deep elf zephyrmancer is heavily wounded.
The deep elf zephyrmancer gestures at you while chanting.
The bolt of lightning hits you!!
The bolt of lightning hits the orc warrior!!
The orc warrior dies!
The deep elf archer unwields a +0 short sword.
The deep elf archer wields a +0 shortbow.
The deep elf archer shoots an arrow.
The arrow hits you!!
* * * LOW HITPOINT WARNING * * *
You hear a shout! x3
The deep elf zephyrmancer attacks as you move away!
You block the deep elf zephyrmancer's attack.
The deep elf archer shoots an arrow.
The arrow hits you!!
You die...

........#. ..
##.........##### ...
##....#.. ...#..#
..##.......###.#....
...#........##.#...##
#........##...#...#
#.........##..##..###
#.........#.......#.
###@##..............
#.e...........#....
##o##).........#...
##h#.○.e..(...##...
#..$...............
#.°.........#......
$.....##........#....#
.e....#........##.....
..#...................


You could see a deep elf archer (repels missiles), a deep elf zephyrmancer
(extremely poisoned), a warg and an orc warrior.

Vanquished Creatures
  Gastronok (D:10)
  2 two-headed ogres (D:10)
  An orc knight (Orc:1)
  Pikel (D:9)
  A deep elf pyromancer (Orc:1)
  A black mamba (Lair:1)
  The ghost of bnorton916 the Magician, a novice DECj of Gozag (D:4)
  A gargoyle (D:10)
  A komodo dragon (Lair:1)
  An unseen horror (D:10)
  A troll (D:9)
  Sigmund (D:2)
  A shadow (D:9)
  4 wyverns
  13 yaks
  A steam dragon (D:7)
  A warg (Orc:1)
  2 water moccasins
  An acid dragon (D:10)
  3 orc warriors
  4 black bears
  5 ice beasts
  2 ogres
  8 centaurs
  2 lemures (D:9)
  4 kobold brigands
  6 bullfrogs
  2 gnoll sergeants
  3 scorpions
  11 wights
  6 killer bees
  3 electric eels (D:9)
  A howler monkey (D:6)
  A lava snake (D:9)
  4 hounds
  6 jellies
  2 gnoll boudas
  5 orc priests
  2 sleepcaps
  4 iguanas
  6 orc wizards
  2 scorpion simulacra (D:4)
  21 gnolls
  8 adders
  2 hound simulacra (D:4)
  2 shadow imps
  2 worms (D:3)
  An adder simulacrum (D:4)
  6 dart slugs
  26 orcs
  9 ball pythons
  9 bats
  7 endoplasms
  2 giant cockroaches (D:3)
  9 goblins
  12 hobgoblins
  5 jackals (D:1)
  4 quokkas
  4 frilled lizards
  36 kobolds
  A quokka simulacrum (D:4)
  2 rats
296 creatures vanquished.

Vanquished Creatures (others)
  An orc warrior (Orc:1)
1 creature vanquished.

Grand Total: 297 creatures vanquished

Notes
Turn   | Place    | Note
-------+----------+-------------------------------------------
     0 | D:1      | jagang the Human Monk began the quest for the Orb.
     0 | D:1      | Reached XP level 1. HP: 18/18 MP: 1/1
   104 | D:1      | Reached XP level 2. HP: 24/24 MP: 2/2
   229 | D:1      | Reached skill level 1 in Armour
   322 | D:1      | Reached XP level 3. HP: 29/29 MP: 3/3
   868 | D:1      | Reached skill level 1 in Invocations
   985 | D:2      | Reached XP level 4. HP: 35/35 MP: 4/4
  1131 | D:2      | You fall into a shaft and drop 2 floors!
  1232 | D:4      | Reached XP level 5. HP: 36/42 MP: 6/6
  1240 | D:5      | Entered Level 5 of the Dungeon
  1353 | D:4      | Reached skill level 4 in Long Blades
  1382 | D:4      | Reached XP level 6. HP: 32/48 MP: 7/7
  1631 | D:3      | Found Hajept's Weapon Emporium.
  1787 | D:2      | Found a faded altar of an unknown god.
  1797 | D:2      | Prayed at the altar of an unknown god.
  1797 | D:2      | Became a worshipper of Makhleb the Destroyer
  1797 | D:2      | Reached * piety under Makhleb
  1797 | D:2      | Reached ** piety under Makhleb
  2012 | D:2      | Reached *** piety under Makhleb
  2091 | D:2      | Noticed Sigmund
  2108 | D:2      | Killed Sigmund
  2109 | D:2      | Reached XP level 7. HP: 54/55 MP: 8/8
  2790 | D:4      | Found a staircase to the Ecumenical Temple.
  2863 | D:4      | Noticed bnorton916's ghost (novice DECj)
  2889 | D:4      | Found a runed translucent gate.
  2889 | D:4      | Found a runed translucent gate.
  2889 | D:4      | Found a runed translucent gate.
  3316 | D:4      | Reached skill level 5 in Long Blades
  3829 | D:5      | Reached skill level 5 in Fighting
  3899 | D:5      | Found a radiant altar of Vehumet.
  3899 | D:5      | Found a hazy altar of Hepliaklqana.
  4176 | D:5      | Reached **** piety under Makhleb
  4182 | D:5      | Reached XP level 8. HP: 59/62 MP: 10/10
  4271 | D:5      | Reached skill level 1 in Shields
  5011 | D:6      | Reached skill level 6 in Long Blades
  5058 | D:6      | Reached XP level 9. HP: 69/69 MP: 10/12
  5063 | D:6      | Reached skill level 5 in Armour
  5285 | D:6      | Reached ***** piety under Makhleb
  5465 | D:6      | Found a runed translucent gate.
  5465 | D:6      | Found a runed translucent gate.
  5465 | D:6      | Found a runed translucent gate.
  5466 | D:6      | Noticed a spectral unseen horror
  5625 | D:6      | Noticed occam's ghost (novice MiFi)
  5666 | D:7      | Reached skill level 1 in Throwing
  5818 | D:7      | Identified the +6 trident "jagang's Foe" {distort, *Rage
                  | rF++ Str+6}
  5836 | D:7      | Reached skill level 7 in Long Blades
  6185 | D:7      | Reached skill level 5 in Invocations
  6535 | D:7      | Reached XP level 10. HP: 77/77 MP: 13/13
  6818 | D:8      | Found a blossoming altar of Fedhas.
  6864 | D:8      | Reached skill level 8 in Long Blades
  6878 | D:8      | Found a staircase to the Lair.
  7271 | D:8      | Reached skill level 9 in Long Blades
  7720 | D:4      | Killed bnorton916's ghost
  7721 | D:4      | Reached XP level 11. HP: 85/85 MP: 14/16
  8066 | D:9      | Found a bloodstained altar of Trog.
  8073 | D:9      | Reached ****** piety under Makhleb
  8150 | D:9      | Reached skill level 10 in Long Blades
  8369 | D:9      | Noticed Pikel
  8381 | D:9      | Killed Pikel
  8427 | D:9      | Found a viscous altar of Jiyva.
  9077 | D:10     | Entered Level 10 of the Dungeon
  9120 | D:10     | Noticed a two-headed ogre
  9132 | D:10     | Killed a two-headed ogre
  9150 | D:10     | Identified a scroll of acquirement
  9151 | D:10     | Acquired the +1 double sword of the Smoking Coward {venom,
                  | +Blink}
  9168 | D:10     | Noticed a two-headed ogre
  9175 | D:10     | Killed a two-headed ogre
  9231 | D:10     | Noticed Gastronok
  9261 | D:10     | Killed Gastronok
  9262 | D:10     | Reached skill level 11 in Long Blades
  9262 | D:10     | Reached XP level 12. HP: 75/94 MP: 18/18
  9448 | D:10     | Found a staircase to the Orcish Mines.
  9916 | Lair:1   | Entered Level 1 of the Lair of Beasts
  9985 | Lair:1   | Noticed a catoblepas
 10116 | Orc:1    | Entered Level 1 of the Orcish Mines
 10233 | Orc:1    | Identified the +5 chain mail "Ruyxual" {Regen+ Dex+3 Slay-5
                  | Stlth+}
 10242 | Orc:1    | Shot with an arrow by a deep elf archer

Illustrated notes

Levels and vault maps discovered:
D:1:      dpeg_arrival_arbitrary_a, layout_basic, st_stairs_7,
          minmay_tetromino_s4
D:2:      minmay_angry_zag, layout_loops_ring,
          hellmonk_ecumenical_altar_slurped_away, minmay_misc_feat_roman,
          nicolae_concentric_dashed_squares_mild, uniq_sigmund
D:3:      layout_loops_ring, serial_shops, nicolae_shop_statue_plus,
          chequers_garden
D:4:      layout_basic, minmay_temple_entry_slanted, gammafunk_ghost_icy,
          hangedman_decor_clover_reticule
D:5:      layout_loops_corners, gammafunk_temple_overflow_elements,
          nicolae_grassy_gnolls
D:6:      corexii_shantytown, layout_loops_ring, gammafunk_ghost_necromancy,
          grunt_ministairs_3
D:7:      layout_loops_ring, minmay_quadrilaterals
D:8:      layout_loops_cross, fedhas_altar_4, david_lair_generic,
          grunt_ministairs_9, minmay_puff
D:9:      nicolae_moon_pools, layout_stronghold,
          mainiacjoe_overflow_concentric_impassable, serial_rivers,
          chequers_serial_rivers_marsh, chequers_serial_rivers_micro_b,
          chequers_serial_rivers_marsh, chequers_serial_rivers_room_b,
          chequers_serial_rivers_large_a, minmay_crystal_water,
          hangedman_abyss_or_decor_passed, st_stairs_6,
          chequers_serial_rivers_small_3, grunt_ogre_cave,
          nicolae_lava_and_water, nrook_mini_backslash, grunt_ministairs_15,
          jiyva_altar_1, uniq_pikel
D:10:     layout_rooms, orc_0_dummy, library_closet, st_stairs_6, uniq_gastronok
Lair:1:   layout_regular_city, gammafunk_ghost_hydra_chop, serial_bayou_shore_a,
          grunt_megastairs_1
Orc:1:    layout_caves, elf_legates

Skill      XL: |  1  2  3  4  5  6  7  8  9 10 11 12 |
---------------+-------------------------------------+-----
Armour         | 1 2 3 4 5 7 8 |  8.6
Invocations    | 1 2 3 4 5 6 8 |  8.7
Long Blades    | 4 5 6 7 9 11 | 11.7
Fighting       | 4 5 6 7 8 9 |  9.2
Shields        | 2 3 |  3.0
Throwing       | 2 3 4 |  4.2
Dodging        | |  3.0

Action                     |  1- 3 |  4- 6 |  7- 9 | 10-12 || total
---------------------------+-------+-------+-------+-------++-------
  Melee: Falchion          |    22 |       |       |       ||    22
         Dagger            |    47 |   136 |    53 |       ||   236
         Short sword       |       |       |    89 |       ||    89
         Long sword        |       |       |   162 |   211 ||   373
         Double sword      |       |       |       |    99 ||    99
  Throw: Dart              |       |       |    13 |     3 ||    16
         Boomerang         |       |       |       |    26 ||    26
Ability: Evoke Blink       |       |       |       |     1 ||     1
    Use: Scroll            |       |     1 |     6 |     6 ||    13
         Potion            |       |       |       |     1 ||     1
 Armour: Robe              |     2 |       |       |       ||     2
         Chain mail        |    25 |    77 |    74 |       ||   176
         Ring mail         |       |       |   125 |   164 ||   289
  Dodge: Dodged            |    28 |    35 |   204 |   221 ||   488
  Block: Buckler           |       |       |       |    28 ||    28
